 Dungeon Crawl Stone Soup version 0.31-a0-175-g9f7f995f2b (webtiles) character file.

Game seed: 5902288072141909331

120 qw the Shooter (level 5, -1/32 HPs)
             Began as a Gargoyle Hunter on June 17, 2023.
             Killed from afar by an orc wizard (7 damage)
             ... with a magic dart
             ... on level 3 of the Dungeon.
             The game lasted 00:00:39 (1434 turns).

qw the Shooter (Gargoyle Hunter)                    Turns: 1434, Time: 00:00:39

Health: -1/32      AC:  9    Str: 20    XL:     5   Next: 4%
Magic:  5/5        EV: 11    Int: 10    God:
Gold:   50         SH:  0    Dex: 15    Spells: 4/4 levels left

rFire   . . .        Y - +1 shortbow
rCold   . . .        (shield currently unavailable)
rNeg    + . .        j - +0 ring mail
rPois   inf          (no helmet)
rElec   +            (no cloak)
rCorr   .            (no gloves)
SInv    .            (no boots)
Will    .....        (no amulet)
Stlth   +            d - +6 ring of strength
HPRegen 0.25/turn    (no ring)
MPRegen 0.09/turn

%: no passive effects
@: no status effects
A: sickness immunity, AC +4, negative energy resistance 1, electricity
resistance, torment resistance 1, petrification resistance
a: no special abilities


You were on level 3 of the Dungeon.
You visited 1 branch of the dungeon, and saw 3 of its levels.

You collected 50 gold pieces.


Innate Abilities, Weirdness & Mutations

You are immune to sickness and miasma.
Your stone body is resilient. (AC +4)
You are immune to poison.
You resist negative energy. (rN+)
You are resistant to electric shocks. (rElec)
You are resistant to unholy torment.
You are immune to petrification.


   Skills:
 - Level 3.0 Fighting
 + Level 5.7 Ranged Weapons
 - Level 1.0 Armour
 - Level 1.5 Dodging
 - Level 1.1 Stealth


You had 4 spell levels left.
You didn't know any spells.
Your spell library was empty.

Inventory:

Hand Weapons
 Y - a +1 shortbow (weapon)
Armour
 j - a +0 ring mail (worn)
Jewellery
 d - a +6 ring of strength (left hand)
Scrolls
 c - a scroll of blinking {unknown}
Potions
 a - a potion of cancellation {unknown}
 b - a potion of might {unknown}
 e - a potion of attraction {unknown}
 f - a potion of haste
 h - a potion of berserk rage {unknown}
 i - a potion of enlightenment {unknown}
 k - a potion of mutation {unknown}

Dungeon Overview and Level Annotations

Branches:
Dungeon (3/15)

Altars:
Cheibriados


Message History

Something hits you but does no damage.
The orc wizard hits you with a +0 dagger.
Something hits you. Something completely misses you.
The orc wizard hits you but does no damage.
The orc wizard misses you. Something hits you but does no damage.
Something hits you but does no damage.
The orc wizard hits you with a +0 dagger.
The orc wizard hits you with a +0 dagger.
Something hits you but does no damage.
You feel less confused.
The orc wizard hits you but does no damage.
You hear some strange, mumbled words.
Something tries to affect you, but you resist.
You shoot an arrow. The arrow hits the orc wizard!
The orc wizard is heavily wounded.
Something hits you but does no damage.
The orc wizard hits you but does no damage.
You shoot an arrow. The arrow barely misses the orc wizard.
The orc wizard barely misses you.
Something hits you but does no damage. x2
The orc wizard hits you with a +0 dagger.
You shoot an arrow. The arrow barely misses the orc wizard.
The orc wizard hits you but does no damage.
Something hits you but does no damage.
You shoot an arrow. The arrow hits the orc wizard!
The orc wizard is almost dead.
Something hits you but does no damage.
The orc wizard casts a spell.
The orc wizard flickers and vanishes!
You shoot an arrow.
Reactivating autopickup.
You feel a bit more experienced. Something hits you but does no damage.
Deactivating autopickup; reactivate with Ctrl-A.
You have reached level 5!
You shoot an arrow.
You hear some strange, mumbled words.
A magic dart appears from out of thin air!
The magic dart hits you!
You die...

#.# #.. #..#
#.# .. ... #.#
.. ..# #.# #.
#.. #.# #.#.. #
#.## ...#.#...
#.># #.)...o..
##.#
######.##.#
#.###...@)....#
#.##..>.){....#
#.#..########.#
########.#.##
...
[........#.#
....
...........#
###
####.#.....# ..
#....## ...
#....#


There were no monsters in sight!

Vanquished Creatures
  An orc priest (D:3)
  An orc wizard (D:3)
  An adder (D:2)
  A worm (D:2)
  A dart slug (D:2)
  3 orcs
  3 ball pythons (D:2)
  4 bats (D:1)
  3 endoplasms
  A giant cockroach (D:2)
  6 hobgoblins
  4 quokkas
  2 goblins
  7 kobolds
  7 rats
45 creatures vanquished.

Notes
Turn   | Place    | Note
-------+----------+-------------------------------------------
     0 | D:1      | qw the Gargoyle Hunter began the quest for the Orb.
     0 | D:1      | Reached XP level 1. HP: 12/12 MP: 1/1
     0 | D:1      | 0 ||| qw: Version: 0.3-a-2-g5ab2908
     0 | D:1      | 0 ||| qw: Game counter: 228
     0 | D:1      | 0 ||| qw: Always use a shield: true
     0 | D:1      | 0 ||| qw: God list: Okawaru
     0 | D:1      | 0 ||| qw: Allow faded altars: false
     0 | D:1      | 0 ||| qw: Do Orc after D:15 true
     0 | D:1      | 0 ||| qw: Do second Lair branch before Depths: true
     0 | D:1      | 0 ||| qw: Lair rune preference: random
     0 | D:1      | 0 ||| qw: Plans: Normal, Zot:1-4, Slime:5, God:TSO, Crypt,
                  | Tomb, Abyss, Pan, Hells, Win
     0 | D:1      | 0 ||| PLANNING D:1-11
   170 | D:1      | Reached XP level 2. HP: 17/17 MP: 2/2
   523 | D:1      | 523 ||| UPGRADING to +0 ring mail.
   533 | D:1      | 533 ||| DROPPING +0 leather armour.
   534 | D:1      | 534 ||| UPGRADING to +6 ring of strength.
   535 | D:1      | 535 ||| READING scroll labelled AHOX NAWKIAPP.
   536 | D:1      | 536 ||| READING scroll labelled YNOOCIYCRIE.
   537 | D:1      | 537 ||| DRINKING 2 ruby potions.
   538 | D:1      | 538 ||| DROPPING scroll of butterflies.
   618 | D:2      | 618 ||| FLEEEEING.
   619 | D:2      | 619 ||| FLEEEEING.
   620 | D:2      | 620 ||| FLEEEEING.
   636 | D:2      | 636 ||| FLEEEEING.
   679 | D:2      | Reached skill level 1 in Armour
   714 | D:2      | Reached XP level 3. HP: 21/21 MP: 3/3
  1078 | D:2      | Reached skill level 5 in Ranged Weapons
  1281 | D:2      | 1281 ||| READING 2 scrolls labelled WAEWKI KEPE.
  1282 | D:2      | 1282 ||| READING scroll labelled ELEADW FAZICYUN.
  1283 | D:2      | 1283 ||| READING scroll labelled DEACEK ALUICLO.
  1284 | D:2      | 1284 ||| DROPPING scroll of poison.
  1345 | D:3      | Reached XP level 4. HP: 27/27 MP: 4/4
  1386 | D:3      | Found a snail-covered altar of Cheibriados.
  1408 | D:3      | Reached skill level 3 in Fighting
  1412 | D:3      | 1412 ||| Stepping ~*~*~tactically~*~*~ (outnumbered).
  1413 | D:3      | 1413 ||| FLEEEEING.
  1427 | D:3      | HP: 4/28 [orc wizard/+0 dagger (4)]
  1434 | D:3      | Reached XP level 5. HP: 6/32 MP: 5/5
  1434 | D:3      | Killed from afar by an orc wizard

Levels and vault maps discovered:
D:1:      co_arrival_square_in_a_square_in_a_square, layout_loops_ring
D:2:      layout_loops_ring
D:3:      layout_rooms, old_standard_altar, nicolae_wu_jian_wuxing_cycle,
          mainiacjoe_overflow_cross_hatched

Skill      XL: |  1  2  3  4 |
---------------+-------------+-----
Armour         | 1 |  1.0
Ranged Weapons | 5 |  5.7
Fighting       | 3 |  3.0
Dodging        | |  1.5
Stealth        | |  1.1

Action                     |  1- 3 |  4- 6 || total
---------------------------+-------+-------++-------
   Fire: Shortbow          |   117 |    24 ||   141
    Use: Scroll            |     5 |       ||     5
         Potion            |     1 |       ||     1
 Armour: Leather armour    |     6 |       ||     6
         Ring mail         |    15 |    22 ||    37
  Dodge: Dodged            |    24 |     8 ||    32

Table legend:
 A = Non-vault XP
 B = Vault XP
 C = Vault XP percentage of total XP
 D = Non-vault monster count
 E = Vault monster count
 F = Vault count percentage of total count
                 A         B        C        D         E       F
            +---------+---------+-------+---------+---------+-------
      Total |     172 |       0 |   0.0 |      45 |       0 |   0.0
            +---------+---------+-------+---------+---------+-------
        D:1 |      22 |       0 |   0.0 |      14 |       0 |   0.0
        D:2 |      55 |       0 |   0.0 |      22 |       0 |   0.0
        D:3 |      95 |       0 |   0.0 |       9 |       0 |   0.0
            +---------+---------+-------+---------+---------+-------
